AoeStats
← mtc202

Pilgrims

510009338Analyzed
3v3 RM · 3d ago on Sep 29, 2026· 48m 39s· 6 players
Game mode
Random Map
Map size
Normal (6 player)
Population
200
Speed
Normal
Resources
Standard
Victory
Conquest
Starting age
Dark Age
Ending age
Imperial Age
RankedLock teamsTeams togetherTeam positionsShared explorationLock speedFull tech treeHidden civsTurbo modeCheats
Victory
Defeat
🇺🇸 Huns · United States
869
+13
🇺🇸 Danes · United States
864
+13
🇺🇸 Varangians · United States
786
+17
🇲🇽 Maya · Mexico
850
-16
🇪🇸 Chinese · Spain
797
-14
🇳🇿 Khmer · New Zealand
768
-13
Acero
6:05 Loom
15:49 Feudal Age
18:42 Double-Bit Axe
19:50 Horse Collar
22:58 Castle Age
23:25 Pikeman
24:07 Squires
24:51 Bloodlines
24:42 Husbandry
xxx_Panther_xxx1
9:17 Loom
12:04 Feudal Age
16:25 Castle Age
17:48 Double-Bit Axe
21:12 Town Watch
22:02 Wheelbarrow
22:09 Wheelbarrow
25:53 Fletching
29:04 Bow Saw
29:50 Scale Barding Armor
29:43 Bodkin Arrow
32:01 Light Cavalry
32:53 Bloodlines
35:52 Imperial Age
34:26 Hand Cart
37:24 Town Patrol
38:31 Conscription
38:17 Husbandry
39:58 Hussar
41:01 Chain Barding Armor
40:52 Forging
42:24 Plate Barding Armor
41:52 Bracer
43:52 Double Crossbow
45:44 Iron Casting
48:43 Blast Furnace
dmilan8
6:30 Loom
14:19 Feudal Age
15:35 Wheelbarrow
14:54 Gold Mining
16:56 Double-Bit Axe
24:25 Castle Age
22:45 Scale Mail Armor
23:44 Stone Mining
25:57 Crossbowman
26:03 Crossbowman
35:52 Hand Cart
35:13 Pikeman
40:28 Chain Mail Armor
mtc202
6:14 Loom
12:52 Feudal Age
14:12 Fishing Lines
14:35 Double-Bit Axe
20:42 Castle Age
21:00 Gold Mining
22:01 Wheelbarrow
22:15 Gillnets
22:46 Stone Mining
23:46 Hand Cart
26:59 Gold Shaft Mining
26:59 Stone Shaft Mining
28:46 Fletching
30:11 Ballistics
30:02 Masonry
29:49 Bodkin Arrow
30:05 Forging
29:58 Squires
29:43 Gambesons
29:44 Arson
32:00 Medium Warships
34:16 Clinker Construction
40:11 Imperial Age
41:21 Iron Casting
41:16 Conscription
40:18 Elite Jomsviking
44:01 Blast Furnace
43:01 Scale Mail Armor
46:06 Arrowslits
46:17 Murder Holes
46:43 Carvel Hull
47:25 Chemistry
46:30 Bracer
46:46 Chain Mail Armor
46:51 Hamask
48:07 Hoardings
49:14 Bow Saw
gohome190
9:28 Loom
14:16 Feudal Age
16:23 Arson
21:39 Castle Age
20:12 Town Watch
22:42 Husbandry
22:53 Bloodlines
24:14 Town Patrol
26:40 Wheelbarrow
29:32 Double-Bit Axe
29:17 Light Cavalry
32:05 Medium Warships
39:54 Imperial Age
40:25 Hand Cart
40:12 Vendel Legacy
46:18 Chemistry
45:25 Siphons
45:42 Shipwright
45:15 Heated Shot
45:41 Cavalier
peranteaus
10:02 Feudal Age
11:38 Double-Bit Axe
12:30 Gold Mining
13:34 Forging
13:31 Scale Barding Armor
16:45 Bloodlines
21:30 Castle Age
22:33 Loom
22:56 Thumb Ring
24:29 Wheelbarrow
24:12 Husbandry
23:33 Light Cavalry
24:46 Fletching
25:02 Scale Barding Armor
25:15 Bow Saw
26:09 Hand Cart
26:11 Horse Collar
27:31 Ballistics
29:19 Heavy Plow
30:05 Bodkin Arrow
30:10 Padded Archer Armor
32:49 Town Watch
34:24 Town Patrol
35:07 Gold Shaft Mining
34:24 Stone Mining
38:12 Imperial Age
40:04 Chemistry
39:47 Iron Casting
38:57 Hussar
45:47 Blast Furnace
47:26 Chain Barding Armor
Connection lost

Rejoining the realm…

Still unreachable

The connection could not be restored.

Session expired

The server has moved on; the page needs a fresh start.